 Dungeon Crawl Stone Soup version 0.31-a0-154-g56bf346678 (webtiles) character file.

Game seed: 14043421523477278577

328 mdonais the Digger (level 6, -1/36 HPs)
             Began as an Octopode Earth Elementalist on June 11, 2023.
             Slain by Pargi (3 damage)
             ... on level 3 of the Dungeon on June 12, 2023.
             The game lasted 00:09:23 (2455 turns).

mdonais the Digger (Octopode Earth Elementalist)    Turns: 2455, Time: 00:09:23

Health: -1/36      AC:  1    Str: 13    XL:     6   Next: 50%
Magic:  0/10       EV: 13    Int: 19    God:
Gold:   66         SH:  0    Dex: 13    Spells: 5/11 levels left

rFire   . . .        i - +1 short sword (freeze)
rCold   . . .        (no shield)
rNeg    . . .        (helmet restricted)
rPois   .            (no amulet)
rElec   .            h - +6 ring of strength
rCorr   .            (no ring)
SInv    .            (no ring)
Will    .....        (no ring)
Stlth   +++          (no ring)
HPRegen 0.26/turn    (no ring)
MPRegen 0.12/turn    (no ring)
                     (no ring)

%: no passive effects
@: no status effects
A: almost no armour, amphibious, 8 rings, camouflage 1, gelatinous body 1,
(nimble swimmer 1), tentacles
a: no special abilities


You were on level 3 of the Dungeon.
You visited 1 branch of the dungeon, and saw 3 of its levels.

You collected 66 gold pieces.

Inventory:

Hand Weapons
 e - a +0 dagger
   (You found it on level 1 of the Dungeon)
 i - a +1 short sword of freezing (weapon)
   (You took it off a kobold on level 2 of the Dungeon)
Missiles
 d - 3 poisoned darts (quivered)
Magical Staves
 k - a staff of death
   (You found it on level 2 of the Dungeon)
Jewellery
 h - a +6 ring of strength (left tentacle)
   (You found it on level 1 of the Dungeon)
Wands
 D - a wand of digging (3)
   (You found it on level 2 of the Dungeon)
Scrolls
 b - a scroll of poison {unknown}
 c - a scroll of fog {unknown}
 j - a scroll of identify {unknown}
 l - 2 scrolls of fear {unknown}
 m - a scroll of immolation {unknown}
Potions
 a - a potion of magic
 f - a potion of degeneration {unknown}
 g - a potion of mutation {unknown}


   Skills:
 - Level 2.0 Dodging
 - Level 3.5 Stealth
 + Level 3.0 Spellcasting
 - Level 4.0 Conjurations
 - Level 1.0 Transmutations
 * Level 4.8 Earth Magic


You had 5 spell levels left.
You knew the following spells:

 Your Spells              Type           Power      Damage    Failure   Level
a - Sandblast             Erth           42%        2d11      2%          1
b - Stone Arrow           Conj/Erth      38%        3d9       8%          3
c - Passwall              Tmut/Erth      10%        N/A       7%          2

Your spell library contained the following spells:

 Spells                   Type           Power      Damage    Failure   Level
 Necrotise                Necr           8%         1d4       16%         1
 Cigotuvi's Dreadful Rot  Necr/Pois/Air  4%         N/A       22%         2
 Ignite Poison            Fire/Tmut/Pois 4%         N/A       36%         3
 Vampiric Draining        Necr           2%         2d6       41%         3
 Petrify                  Tmut/Erth      13%        N/A       43%         4
 Freezing Cloud           Conj/Ice/Air   3%         6-21      94%         5
 Agony                    Necr           2%         N/A       99%         5


Dungeon Overview and Level Annotations

Branches:
Dungeon (3/15) Zot: 15507

Altars:

Annotations:
D:3 1 transporter, Pargi; oldplebian's ghost, amateur DgCj


Innate Abilities, Weirdness & Mutations

You cannot wear most types of armour.
You are amphibious.
You can wear up to eight rings at the same time.
Your skin changes colour to match your surroundings (Stealth+).
Your rubbery body absorbs attacks. (AC +1, EV +1)
((You are camouflaged when in or above water. (Stealth+)))
You have tentacles for arms and can constrict up to eight enemies at once.


Message History

Health restored: 31
Things that are here:
a +0 whip; a kobold corpse Grinder is nearby!
Casting: Stone Arrow (quite dangerous; 12% risk of failure)
Confirm with . or Enter, or press ? or * to list all spells.
You can't see any susceptible monsters within range! (Use Z to cast anyway.)
Casting: Stone Arrow (quite dangerous; 12% risk of failure)
Confirm with . or Enter, or press ? or * to list all spells.
The spell is quite dangerous to miscast (12% risk of failure)!
Continue anyway?
Aiming: Stone Arrow (quite dangerous; 12% risk of failure)
Press: ? - help, Shift-Dir - straight line, f - Grinder
Aim: Grinder (wandering, hasn't noticed you, 64% to hit)
The stone arrow hits Grinder!
Grinder is moderately wounded.
Grinder shouts!
You now have 6/9 mp.
Casting: Stone Arrow (quite dangerous; 12% risk of failure)
Confirm with . or Enter, or press ? or * to list all spells.
The spell is quite dangerous to miscast (12% risk of failure)!
Continue anyway?
Aiming: Stone Arrow (quite dangerous; 12% risk of failure)
Press: ? - help, Shift-Dir - straight line, f/p - Grinder
Aim: Grinder (moderately wounded, 64% to hit)
The stone arrow misses Grinder.
You now have 3/9 mp.
Casting: Stone Arrow (quite dangerous; 12% risk of failure)
Confirm with . or Enter, or press ? or * to list all spells.
The spell is quite dangerous to miscast (12% risk of failure)!
Continue anyway?
Okay, then.
Casting: Stone Arrow (quite dangerous; 12% risk of failure)
Confirm with . or Enter, or press ? or * to list all spells.
Aiming: Sandblast (safe; 3% risk of failure)
Press: ? - help, Shift-Dir - straight line, f/p - Grinder
Aim: Grinder (moderately wounded, 80% to hit)
The blast of sand misses Grinder.
Grinder hits you but does no damage. Grinder hits you!
You take 8 damage, and have 23/31 hp.
MASSIVE DAMAGE!!
You now have 2/9 mp.
Casting: Sandblast (safe; 3% risk of failure)
Confirm with . or Enter, or press ? or * to list all spells.
Aiming: Sandblast (safe; 3% risk of failure)
Press: ? - help, Shift-Dir - straight line, f/p - Grinder
Aim: Grinder (moderately wounded, 80% to hit)
You miscast Sandblast.
You are very lightly contaminated with residual magic.
Nothing appears to happen.
Grinder gestures at you. You resist with significant effort.
You now have 1/9 mp.
Casting: Sandblast (safe; 3% risk of failure)
Confirm with . or Enter, or press ? or * to list all spells.
Aiming: Sandblast (safe; 3% risk of failure)
Press: ? - help, Shift-Dir - straight line, f/p - Grinder
Aim: Grinder (moderately wounded, 80% to hit)
The blast of sand hits Grinder.
Grinder is moderately wounded.
Grinder says, "Just stop there for a second..."
Grinder misses you.
You now have 0/9 mp.
You hit Grinder. Your grab misses Grinder. You squeeze Grinder.
Grinder is heavily wounded.
Grinder rolls her eyes.
Grinder gestures at you. You resist with significant effort.
You hit Grinder but do no damage. You grab Grinder.
Grinder is heavily wounded.
You constrict Grinder. Grinder hits you!
You writhe in agony.
You take 11 damage, and have 12/31 hp.
MASSIVE DAMAGE!!
You are too injured to fight recklessly!
You are too injured to fight recklessly!
You hit Grinder.
You tentacle-slap Grinder, but do no damage.
You squeeze Grinder!
Grinder is almost dead.
You constrict Grinder. Grinder closely misses you.
You hit Grinder.
You kill Grinder!
Training target 3.0 for Conjurations reached!
Your Conjurations skill increases to level 3!
You need to enable at least one skill for training.
Training target 4.0 for Conjurations reached!
Your Conjurations skill increases to level 4!
You have reached level 6!
You regained 2 hp, and now have 14/36 hp.
Your magical contamination has completely faded away.
Magic restored.
Things that are here:
an adder skeleton; a rat skeleton
Found a stone staircase leading down.
Health restored: 36; MP restored: 10
d - 3 poisoned darts (gained 1)
Found a stone staircase leading up.
A frilled lizard comes into view.
A quokka comes into view.
The frilled lizard hisses angrily.
There is an open door here.
Pargi shouts!
Pargi barely misses you. Pargi claws you. x2
You take 4 damage, and have 32/36 hp.
Pargi attacks as you move away! Pargi bites you. Pargi barely misses you.
Pargi claws you.
There is an open door here.
You take 6 damage, and have 26/36 hp.
Casting: Sandblast (safe; 2% risk of failure)
Confirm with . or Enter, or press ? or * to list all spells.
Aiming: Stone Arrow (dangerous; 8% risk of failure)
Press: ? - help, Shift-Dir - straight line, f - Pargi
Aim: Pargi (60% to hit)
The stone arrow hits Pargi!!
Pargi is heavily wounded.
Pargi hisses menacingly.
Pargi bites you. Pargi claws you. x2
You take 6 damage, and have 20/36 hp.
You now have 7/10 mp.
Casting: Stone Arrow (dangerous; 8% risk of failure)
Confirm with . or Enter, or press ? or * to list all spells.
Aiming: Stone Arrow (dangerous; 8% risk of failure)
Press: ? - help, Shift-Dir - straight line, f/p - Pargi
Aim: Pargi (heavily wounded, 60% to hit)
The stone arrow hits Pargi!
Pargi is almost dead.
Pargi barely misses you. x2; Pargi closely misses you.
You now have 4/10 mp.
Casting: Stone Arrow (dangerous; 8% risk of failure)
Confirm with . or Enter, or press ? or * to list all spells.
Aiming: Stone Arrow (dangerous; 8% risk of failure)
Press: ? - help, Shift-Dir - straight line, f/p - Pargi
Aim: Pargi (severely wounded, 60% to hit)
The stone arrow misses Pargi.
Pargi bites you. Pargi misses you. Pargi closely misses you.
You take 3 damage, and have 17/36 hp.
You now have 1/10 mp.
Casting: Stone Arrow (dangerous; 8% risk of failure)
Confirm with . or Enter, or press ? or * to list all spells.
Aiming: Sandblast (safe; 2% risk of failure)
Press: ? - help, Shift-Dir - straight line, f/p - Pargi
Aim: Pargi (severely wounded, 79% to hit)
The blast of sand hits Pargi!
Pargi is almost dead.
Pargi bites you but does no damage. Pargi claws you. Pargi misses you.
Pargi hisses menacingly.
Pargi closely misses you. Pargi claws you.
* * * LOW HITPOINT WARNING * * *
Pargi misses you.
You take 7 damage, and have 10/36 hp.
You now have 0/10 mp.
You completely miss Pargi.
Pargi is almost dead.
Pargi bites you.
* * * LOW HITPOINT WARNING * * *
Pargi claws you.
* * * LOW HITPOINT WARNING * * *
Pargi claws you.
You die...

##.# #............ ###
##............ ...
#..>.......... ### ###..#
##....#.##.....
#.#####.#...### #....#..#
.#.. #.......# .....
##........... #.#.###.#
#...+##........... .....##.#
#####.........####
.....##.## #####@......#..#
.........###..lT##.#.<.#....
.....#..##.....r.##..#....#.
###..####...###...#..##...#
##.# #.. ##..##..#.......#..
#.###. #...#..# ........$
#.#.# ##..#...###....##.
#<..# ..#.............
####>..# ..#.............


You could see Pargi, a quokka and a frilled lizard.

Vanquished Creatures
  Grinder (D:3)
  Natasha (D:3)
  6 adders
  A worm (D:2)
  2 dart slugs
  4 bats
  4 endoplasms
  A giant cockroach (D:1)
  4 goblins
  7 hobgoblins
  6 jackals (D:2)
  A quokka (D:1)
  4 ball pythons
  A frilled lizard (D:1)
  7 kobolds
  4 rats
54 creatures vanquished.

Notes
Turn   | Place    | Note
-------+----------+-------------------------------------------
     0 | D:1      | mdonais the Octopode Earth Elementalist began the quest for
                  | the Orb.
     0 | D:1      | Reached XP level 1. HP: 11/11 MP: 3/3
   203 | D:1      | Reached XP level 2. HP: 17/17 MP: 1/5
   984 | D:2      | Reached XP level 3. HP: 14/21 MP: 1/6
  1095 | D:2      | Learned a level 3 spell: Stone Arrow
  1098 | D:2      | Learned a level 2 spell: Passwall
  1315 | D:2      | Reached XP level 4. HP: 23/27 MP: 3/8
  1423 | D:2      | Reached skill level 1 in Conjurations
  1828 | D:3      | Noticed Pargi
  1993 | D:3      | Found a transporter.
  1993 | D:3      | Noticed oldplebian's ghost (amateur DgCj)
  1995 | D:3      | Noticed Natasha
  2002 | D:3      | Killed Natasha
  2003 | D:3      | Reached XP level 5. HP: 16/31 MP: 4/9
  2189 | D:3      | Noticed Grinder
  2344 | D:3      | Killed Grinder
  2345 | D:3      | Reached XP level 6. HP: 14/36 MP: 1/10
  2455 | D:3      | Slain by Pargi

Illustrated notes

Levels and vault maps discovered:
D:1:      matt_arrival_spirals, layout_basic, grunt_decor_cap,
          minmay_door_square
D:2:      minmay_skewed_foursquare, layout_loops_ring
D:3:      layout_rooms, mainiacjoe_overflow_two_lobes,
          grunt_dithmenos_smoke_and_mirrors, gammafunk_ghost_arena,
          feat_on_display, uniq_pargi, uniq_natasha, uniq_grinder

Skill      XL: |  1  2  3  4  5 |
---------------+----------------+-----
Stealth        | 3 |  3.5
Earth Magic    | 4 |  4.8
Conjurations   | 2 4 |  4.0
Spellcasting   | 3 |  3.0
Dodging        | |  2.0
Transmutations | |  1.0

Action                     |  1- 3 |  4- 6 || total
---------------------------+-------+-------++-------
  Melee: Dagger            |     8 |       ||     8
         Constrict         |     4 |     7 ||    11
         Tentacles         |     3 |     5 ||     8
         Short sword       |    10 |    24 ||    34
         Punch             |       |     1 ||     1
  Throw: Dart              |       |     2 ||     2
   Cast: Sandblast         |    37 |    21 ||    58
         Stone Arrow       |       |     6 ||     6
   Stab: Sleeping          |       |     5 ||     5
 Armour: Skin              |     2 |     3 ||     5
  Dodge: Dodged            |    24 |    22 ||    46

Table legend: (Time is in decaauts)
 A = Elapsed time spent in this place.
 B = Non-inter-level travel time spent in this place.
 C = Inter-level travel time spent in this place.
 D = Time resting spent in this place.
 E = Time spent auto-exploring this place.
 F = Levels seen in this place.
 G = Mean time per level.
                   A        B        C        D        E       F      G
               +--------+--------+--------+--------+--------+-----+--------+
         Total |   2491 |   2388 |    103 |    146 |   1788 |   3 |  830.3 |
       Dungeon |   2491 |   2388 |    103 |    146 |   1788 |   3 |  830.3 |
               +--------+--------+--------+--------+--------+-----+--------+

Top non-repeatable levels by time:
     D:2: 1022 daAuts
     D:1: 869 daAuts
     D:3: 599 daAuts
